 Dungeon Crawl Stone Soup version 0.13-a0-3076-g221303f (webtiles) character file.

180 Malachi the Magician (level 3, -8/22 HPs)
             Began as a Mummy Wizard on Sept 17, 2013.
             Mangled by a gnoll
             ... wielding a +2,+2 whip
              (12 damage)
             ... on Level 2 of the Dungeon.
             The game lasted 00:02:38 (2197 turns).

Malachi the Magician (Mummy Wizard)                 Turns: 2197, Time: 00:02:38

HP  -8/22        AC  2     Str 10      XL: 3   Next: 62%
MP   2/9         EV 12     Int 18      God:
Gold 127         SH  0     Dex 10      Spells:  3 memorised,  4 levels left

Res.Fire  : . . .   See Invis. : .   j - -2,-1 whip (curse)
Res.Cold  : . . .   Warding    : .   a - +0 robe
Life Prot.: + + +   Conserve   : .   (no shield)
Res.Poison: +       Res.Corr.  : .   b - +0 wizard hat
Res.Elec. : .       Clarity    : .   (no cloak)
Sust.Abil.: . .     Spirit.Shd : .   (no gloves)
Res.Mut.  : .       Stasis     : .   (no boots)
Res.Rott. : +       Flight     : .   (no amulet)
Saprovore : . . .                    (no ring)
                                     d - ring of fire

@: very slightly contaminated, slightly resistant to hostile enchantments,
unstealthy
A: no food or potions, fire vulnerability, restore body, cold resistance 1, life
protection 3, poison resistance, torment resistance, unbreathing
a: no special abilities


You were on level 2 of the Dungeon.
You were not hungry.

You visited 1 branch of the dungeon, and saw 2 of its levels.

You collected 107 gold pieces.

Inventory:

Hand weapons
 e - a +0,+0 short sword
 h - a +1,+2 short sword of draining
 j - a cursed -2,-1 whip (weapon)
Armour
 a - a +0 robe (worn)
 b - a +0 wizard hat (worn)
Scrolls
 f - a scroll of random uselessness
Jewellery
 d - a ring of fire (left hand)
Books
 c - a book of Minor Magic

   Spells                             Type                      Level
   *Magic Dart                        Conjuration                  1
   *Blink                             Translocation                2
   *Call Imp                          Summoning                    2
   Repel Missiles                     Charms/Air                   2
   Slow                               Hexes                        2
   Conjure Flame                      Conjuration/Fire             3
   Mephitic Cloud                     Conjuration/Poison/Air       3


   Skills:
 + Level 1.9 Dodging
 + Level 1.8 Stealth
 + Level 3.9 Spellcasting
 + Level 1.2 Conjurations
 + Level 0.7 Summonings
 + Level 0.7 Translocations


You had 4 spell levels left.
You knew the following spells:

 Your Spells              Type           Power        Failure   Level  Hunger
a - Magic Dart            Conj           #...         12%         1    N/A
b - Blink                 Tloc           N/A          17%         2    N/A
c - Call Imp              Summ           #.........   17%         2    N/A

Dungeon Overview and Level Annotations

Branches:
Dungeon (2/27)

Altars:


Innate Abilities, Weirdness & Mutations

You do not eat or drink.
Your flesh is vulnerable to fire.
Your flesh is cold resistant.
You are immune to negative energy.
Your system is resistant to poisons.
You are immune to unholy pain and torment.
You can survive without breathing.


Message History

The gnoll hits you with a whip!
A gnoll comes into view. It is wielding a spear.
Casting: Magic Dart
Confirm with . or Enter, or press ? or * to list all spells.
Aiming: Magic Dart
Press: ? - help, Shift-Dir - straight line, f/p - gnoll
Aim: a gnoll, wielding a whip (almost dead)
You miscast Magic Dart.
Your bandages stand on end.
The gnoll hits you with a whip!
* * * LOW HITPOINT WARNING * * *
The gnoll moves out of view.
Casting: Magic Dart
Confirm with . or Enter, or press ? or * to list all spells.
Aiming: Magic Dart
Press: ? - help, Shift-Dir - straight line, f/p - gnoll
Aim: a gnoll, wielding a whip (almost dead)
You miscast Magic Dart.
Your bandages stand on end.
The gnoll hits you with a whip!
Ouch! That really hurt!
You die...

#. #..##..%..........# ..
#..##.#####.####..# #
#..##.#####.####..#
#..##.##.......#..#
#..##.##.#####.#..#
##..##.##.# #.#..#
...##....#####....# #.#
#..#####.##.##....# #.##.#
#..# #.@.#...#....#
#.##.####..# #g#....%..%..#
##.#........###.####.#######
........##.#.##!# #.#
.#........###.#.####.#
<###..#..## ##.......# .#
#.<#.#.###.#.########
.###.......#.##........#
..##.##.....# ########.#


You could see a gnoll.

Vanquished Creatures
  3 adders (D:2)
  2 giant geckos (D:2)
  2 giant cockroaches
  4 goblins
  2 hobgoblins
  5 bats
  2 giant newts (D:1)
  4 kobolds (D:1)
  3 rats
27 creatures vanquished.

Vanquished Creatures (others)
  5 toadstools (D:1)
5 creatures vanquished.

Grand Total: 32 creatures vanquished

Notes
Turn   | Place    | Note
--------------------------------------------------------------
     0 | D:1      | Malachi, the Mummy Wizard, began the quest for the Orb.
     0 | D:1      | Reached XP level 1. HP: 11/11 MP: 5/5
   506 | D:1      | Reached XP level 2. HP: 17/17 MP: 4/7
  1101 | D:2      | Reached skill level 1 in Conjurations
  1407 | D:2      | Reached XP level 3. HP: 5/22 MP: 5/9
  1677 | D:2      | Learned a level 2 spell: Blink
  1680 | D:2      | Learned a level 2 spell: Call Imp
  2197 | D:2      | Mangled by a gnoll

Action                   || total
-------------------------++-------
Melee: Short sword       ||    12
       Whip              ||     2
 Cast: Magic Dart        ||    71
  Use: Scroll            ||     4
